 Dungeon Crawl Stone Soup version 0.30-a0-394-g3e4acdb0ae (webtiles) character file.

Game seed: 14672179782498555336

77 CrazyBamboolord the Grave Robber (level 4, 0/30 HPs)
             Began as a Demonspawn Necromancer on Dec 6, 2022.
             Slain by a gnoll
             ... wielding a +0 flail
              (9 damage)
             ... on level 3 of the Dungeon.
             The game lasted 00:05:35 (1875 turns).

CrazyBamboolord the Grave Robber (DsNe)             Turns: 1875, Time: 00:05:36

Health: 0/30       AC:  3    Str:  8    XL:     4   Next: 13%
Magic:  6/8        EV: 12    Int: 19    God:
Gold:   189        SH:  0    Dex: 13    Spells: 0/8 levels left

rFire   . . .      SeeInvis +    g - +2 dagger (venom)
rCold   . . .      Faith    .    (no shield)
rNeg    . . .      Spirit   .    a - +0 robe
rPois   .          Reflect  .    (no helmet)
rElec   .          Harm     .    (no cloak)
rCorr   .          Rampage  .    k - +0 pair of gloves
Will    .....                    (no boots)
Stlth   ++........               (no amulet)
HPRegen 0.25/turn                l - ring of see invisible
MPRegen 0.11/turn                (no ring)

@: mighty
A: hooves 1
a: no special abilities


You were on level 3 of the Dungeon.
You visited 1 branch of the dungeon, and saw 3 of its levels.

You collected 189 gold pieces.

Inventory:

Hand Weapons
 g - a +2 dagger of venom (weapon)
Armour
 a - a +0 robe (worn)
 k - a +0 pair of gloves (worn)
Jewellery
 l - a ring of see invisible (left hand)
Scrolls
 c - a scroll of noise
 d - a scroll of immolation {unknown}
 e - a scroll of identify {unknown}
 j - a scroll of magic mapping {unknown}
 m - a scroll of teleportation {unknown}
Potions
 i - a potion of brilliance {unknown}


   Skills:
 * Level 2.1 Dodging
 * Level 2.3 Stealth
 * Level 2.9 Spellcasting
 * Level 5.1 Necromancy


You couldn't memorise any spells.
You knew the following spells:

 Your Spells              Type           Power      Damage    Failure   Level
a - Necrotise             Necr           88%        1d8       1%          1
b - Vampiric Draining     Necr           22%        2d7       5%          3
c - Dispel Undead         Necr           22%        3d12      19%         4

Your spell library contained the following spells:

 Spells                   Type           Power      Damage    Failure   Level
 Kiss of Death            Conj/Necr      48%        2d9       5%          1
 Cigotuvi's Dreadful Rot  Necr/Pois/Air  18%        N/A       12%         2
 Animate Dead             Necr           22%        N/A       19%         4
 Poisonous Vapours        Pois/Air       4%         N/A       24%         2
 Confusing Touch          Hex            2%         N/A       43%         3
 Mephitic Cloud           Conj/Pois/Air  2%         N/A       43%         3
 Agony                    Necr           22%        N/A       45%         5


Dungeon Overview and Level Annotations

Branches:
Dungeon (3/15)

Altars:


Innate Abilities, Weirdness & Mutations

You have large cloven feet.


Message History

An orc comes into view. It is wielding a +0 club.
The gnoll shouts!
The gnoll shouts!
You hear a shout!
You flicker for a moment.
You flicker back into view.
Your magical contamination has completely faded away.
You see here a +0 club.
You see here a +0 club.
The orc attacks as you move away! The orc closely misses you.
Casting: Necrotise (safe; 1% risk of failure)
Confirm with . or Enter, or press ? or * to list all spells.
Aiming: Vampiric Draining (dangerous; 5% risk of failure)
Press: ? - help, Shift-Dir - straight line, f - orc, p - gnoll
Aim: an orc, wielding a +0 club You draw life force from the orc.
You feel life coursing into your body. The orc hits you with a +0 club.
Casting: Vampiric Draining (dangerous; 5% risk of failure)
Confirm with . or Enter, or press ? or * to list all spells.
Aiming: Vampiric Draining (dangerous; 5% risk of failure)
Press: ? - help, Shift-Dir - straight line, f/p - orc
Aim: an orc, wielding a +0 club (heavily wounded)
You draw life force from the orc.
You kill the orc!
You feel life coursing into your body. The gnoll attacks as you move away!
The gnoll misses you. The gnoll attacks as you move away!
The gnoll hits you with a +0 flail!
* * * LOW HITPOINT WARNING * * *
It was a potion of might.
You feel very mighty all of a sudden. The gnoll hits you with a +0 flail.
* * * LOW HITPOINT WARNING * * *
Magic courses through your body. The gnoll closely misses you.
Casting: Vampiric Draining (dangerous; 5% risk of failure)
Confirm with . or Enter, or press ? or * to list all spells.
Aiming: Vampiric Draining (dangerous; 5% risk of failure)
Press: ? - help, Shift-Dir - straight line, f - gnoll
Aim: a gnoll, wielding a +0 flail You draw life force from the gnoll.
You feel life coursing into your body. The gnoll hits you with a +0 flail!
You die...

#. #.#.#.......#
#.#######.#o..##....#
#.........#.........#
#.........#.#.#.....## #
#>.....<..#.#........# #. #
#.........#.###..##### #..
#.#.....)...#.# ##..#
#.###.###.##....#.# ##.#
...........#@...#.# #g##
#.###.###.##.g..#.#.#####..##
.......(...#.#..#)#.........#
##.###.##...#..#.########..#.#
#.......#.#.#......g.)........
...##.##...#.......(####.......
#...#.#.#.#.........'.....>.
#...#...#...#......####.......
#.#...#.#.#†#.........#.......


You could see a gnoll.

Vanquished Creatures
  2 gnolls (D:3)
  An adder (D:2)
  2 dart slugs
  An orc (D:3)
  4 endoplasms
  3 goblins (D:1)
  6 hobgoblins
  3 jackals (D:3)
  7 kobolds
  2 quokkas
  2 ball pythons
  A bat (D:2)
  3 frilled lizards
  2 rats
39 creatures vanquished.

Vanquished Creatures (collateral kills)
  A goblin (D:1)
1 creature vanquished.

Grand Total: 40 creatures vanquished

Notes
Turn   | Place    | Note
-------+----------+-------------------------------------------
     0 | D:1      | CrazyBamboolord the Demonspawn Necromancer began the quest
                  | for the Orb.
     0 | D:1      | Reached XP level 1. HP: 13/13 MP: 3/3
   418 | D:1      | Gained mutation: You have large cloven feet. [demonic
                  | ancestry]
   418 | D:1      | Reached XP level 2. HP: 18/19 MP: 0/5
  1161 | D:2      | Reached skill level 5 in Necromancy
  1162 | D:2      | Reached XP level 3. HP: 19/24 MP: 3/6
  1604 | D:3      | Learned a level 3 spell: Vampiric Draining
  1746 | D:3      | Reached XP level 4. HP: 18/30 MP: 0/8
  1817 | D:2      | Learned a level 4 spell: Dispel Undead
  1875 | D:3      | Slain by a gnoll

Illustrated notes

Levels and vault maps discovered:
D:1:      zaba_arrival_water, layout_loops_cross,
          chequers_serial_rivers_micro_d, ebering_dispersal_statue_hall,
          minmay_pentomino_v4
D:2:      layout_rooms
D:3:      layout_basic, nicolae_concentric_dashed_squares_wild,
          hangedman_decor_diamond_cutter

Skill      XL: |  1  2  3 |
---------------+----------+-----
Stealth        | 2 |  2.3
Necromancy     | 5 |  5.1
Dodging        | 2 |  2.1
Spellcasting   | |  2.9

Action                   |  1- 3 |  4- 6 || total
-------------------------+-------+-------++-------
Melee: Unarmed           |     8 |       ||     8
       Dagger            |     4 |       ||     4
       Kick              |     4 |       ||     4
 Cast: Necrotise         |    73 |     1 ||    74
       Vampiric Draining |       |     3 ||     3
  Use: Scroll            |     1 |       ||     1
       Potion            |       |     3 ||     3
Armor: Robe              |     4 |       ||     4
Dodge: Dodged            |    18 |     8 ||    26

Table legend: (Time is in decaauts)
 A = Elapsed time spent in this place.
 B = Non-inter-level travel time spent in this place.
 C = Inter-level travel time spent in this place.
 D = Time resting spent in this place.
 E = Time spent auto-exploring this place.
 F = Levels seen in this place.
 G = Mean time per level.
                   A        B        C        D        E       F      G
               +--------+--------+--------+--------+--------+-----+--------+
         Total |   1881 |   1869 |     12 |    110 |   1449 |   3 |  627.0 |
       Dungeon |   1881 |   1869 |     12 |    110 |   1449 |   3 |  627.0 |
               +--------+--------+--------+--------+--------+-----+--------+

Top non-repeatable levels by time:
     D:1: 978 daAuts
     D:2: 687 daAuts
     D:3: 215 daAuts
